 Dungeon Crawl Stone Soup version 0.31.0-32-g396128a36d (webtiles) character file.

Game seed: 12073507142778382385

674 porpoise the Cleaver (level 7, -6/56 HPs)
             Began as a Hill Orc Fighter on Apr 16, 2024.
             Was a Follower of Hepliaklqana.
             Mangled by Duvessa
             ... wielding a +0 rapier of freezing
              (9 damage)
             ... on level 5 of the Dungeon.
             The game lasted 00:08:40 (3951 turns).

porpoise the Cleaver (Hill Orc Fighter)             Turns: 3951, Time: 00:08:41

Health: -6/56      AC:  8    Str: 21    XL:     7   Next: 59%
Magic:  2/2        EV: 14    Int: 10    God:    Hepliaklqana [*.....]
Gold:   231        SH:  5    Dex: 10    Spells: 6/6 levels left

rFire   + . .        b - +8 trident of Action {antimagic, Fly rPois rCorr Int+2}
rCold   + . .        c - +0 buckler
rNeg    . . .        t - +0 scale mail
rPois   +            (no helmet)
rElec   .            g - scarf {rC+ rF+}
rCorr   +            k - +0 pair of gloves
SInv    .            (no boots)
Will    .....        (no amulet) Stlth
                     o - +5 ring of evasion
HPRegen 0.29/turn    (no ring)
MPRegen 0.08/turn

%: no passive effects
@: flying
A: reduced essence
a: Renounce Religion, Recall Ancestor, Ancestor Identity


You were on level 5 of the Dungeon.
You worshipped Hepliaklqana.
Hepliaklqana was aware of your devotion.
You visited 1 branch of the dungeon, and saw 5 of its levels.

You collected 231 gold pieces.

Inventory:

Hand Weapons
 a - a +0 war axe
 b - the +8 trident of Action (weapon) {antimagic, Fly rPois rCorr Int+2}
   (You found it on level 4 of the Dungeon)

   Int+2:     It affects your intelligence (+2).
   rPois:     It protects you from poison Fly: It grants you flight.
   rCorr:     It protects you from acid and corrosion.
Missiles
 w - 3 silver javelins (quivered)
 y - a throwing net
Armour
 c - a +0 buckler (worn)
 g - a scarf of resistance (worn)
 k - a +0 pair of gloves (worn)
 t - a +0 scale mail (worn)
Jewellery
 o - a +5 ring of evasion (left hand)
 A - a ring of positive energy
Wands
 p - a wand of flame (17)
 v - a wand of polymorph (12)
Scrolls
 e - a scroll of noise
 f - 2 scrolls of teleportation {unknown}
 j - a scroll of silence {unknown}
 n - a scroll of poison {unknown}
 s - 2 scrolls of fog {unknown}
 z - a scroll of revelation {unknown}
Potions
 d - 3 potions of might
 h - 4 potions of heal wounds
 i - 2 potions of haste
 l - a potion of invisibility
 m - a potion of cancellation {unknown}
 q - a potion of attraction {unknown}
 r - 2 potions of brilliance {unknown}
 u - a potion of ambrosia {unknown}
 x - a potion of curing {unknown}


   Skills:
 + Level 6.1 Fighting
 * Level 8.0 Axes
 - Level 3.2 Armour
 + Level 1.1 Dodging
 - Level 5.0 Shields


You had 6 spell levels left.
You didn't know any spells.
Your spell library contained the following spells:

 Spells                   Type           Power      Damage    Failure   Level
 Ensorcelled Hibernation  Hex/Ice        0%         N/A       88%         2
 Sublimation of Blood     Necr           0%         N/A       88%         2
 Dazzling Flash           Conj/Hex       0%         N/A       98%         3
 Fugue of the Fallen      Necr           0%         N/A       98%         3
 Volatile Blastmotes      Fire/Tloc      0%         2d10      98%         3
 Anguish                  Hex/Necr       0%         N/A       100%        4
 Petrify                  Alch/Erth      0%         N/A       100%        4
 Irradiate                Conj/Alch      0%         3d11      100%        5
 Starburst                Conj/Fire      0%         6d3       100%        6
 Maxwell's Capacitive Co  Air            0%         ∞         100%        8


Dungeon Overview and Level Annotations

Branches:
Dungeon (5/15)
 Temple: D:4-7

Altars:
Fedhas
Gozag
Hepliaklqana
Ru
Vehumet
Wu Jian

Shops:
D:2 *   D:4 =

Annotations:
D:5 Duvessa


Message History

An iguana comes into view.
The iguana hisses angrily.
You reach to attack!
You hit the iguana but do no damage.
Duvessa, Sister of Dowan comes into view.
She is wielding a +0 rapier of freezing.
Duvessa shouts!
You puncture the iguana!
The iguana is almost dead.
Duvessa goes berserk!
An ufetubus comes into view.
You block the iguana's attack. The iguana closely misses you.
You completely miss the iguana.
The iguana is almost dead.
You block the iguana's attack.
You closely miss the iguana.
The iguana is almost dead.
The iguana barely misses you.
You puncture the iguana!
You kill the iguana!
An ufetubus comes into view.
Duvessa hits you with a +0 rapier of freezing!
Duvessa freezes you.
Your Axes skill increases to level 8!
Nikki misses Duvessa.
Duvessa hits you with a +0 rapier of freezing!
Duvessa freezes you.
You barely miss Duvessa.
Duvessa hits you with a +0 rapier of freezing.
Nikki hits Duvessa but does no damage.
Duvessa hits you but does no damage.
You barely miss Duvessa.
Duvessa hits you with a +0 rapier of freezing!
Duvessa freezes you.
Nikki barely misses Duvessa.
You hit Duvessa.
Duvessa is lightly wounded.
Duvessa hits you with a +0 rapier of freezing!
* * * LOW HITPOINT WARNING * * *
Duvessa freezes you.
* * * LOW HITPOINT WARNING * * *
Nikki closely misses Duvessa.
Duvessa hits you with a +0 rapier of freezing!
You die...

#...............###[
#.................>.
####.#...........######
[.........####.....#
.......#..# #.###.#
#.#######.# #.. .#
...#.# ###. . #5#R# .#
#. #5e@# . .. ##### ..


You could see the friendly Nikki the ancestor, Duvessa (berserk, ally target)
and 2 ufetubi.

Vanquished Creatures
  2 ogres (D:4)
  Dowan (D:5)
  A bombardier beetle (D:4)
  3 hounds (D:4)
  An orc priest (D:5)
  A gnoll bouda (D:4)
  2 jellies (D:2)
  An iguana (D:5)
  3 adders
  2 gnolls (D:4)
  A shadow imp (D:5)
  2 ribbon worms (D:2)
  3 dart slugs
  10 orcs
  4 bats
  13 endoplasms
  A giant cockroach (D:4)
  7 goblins
  5 hobgoblins
  4 jackals (D:1)
  15 kobolds
  A quokka (D:2)
  7 ball pythons
  3 frilled lizards (D:1)
  3 rats
96 creatures vanquished.

Vanquished Creatures (collateral kills)
  A gnoll (D:4)
  A ribbon worm (D:5)
  2 orcs (D:5)
  A goblin (D:4)
5 creatures vanquished.

Vanquished Creatures (others)
  An ancestor (D:4)
1 creature vanquished.

Grand Total: 102 creatures vanquished

Notes
Turn   | Place    | Note
-------+----------+-------------------------------------------
     0 | D:1      | porpoise the Hill Orc Fighter began the quest for the Orb.
     0 | D:1      | Reached XP level 1. HP: 19/19 MP: 1/1
   102 | D:1      | Reached skill level 3 in Axes
   153 | D:1      | Reached XP level 2. HP: 27/27 MP: 2/2
   631 | D:1      | Reached XP level 3. HP: 33/33 MP: 3/3
  1046 | D:2      | Found Cuskya's General Store.
  1052 | D:2      | Reached skill level 4 in Axes
  1405 | D:2      | Found a sacrificial altar of Ru.
  1405 | D:2      | Found a hazy altar of Hepliaklqana.
  1405 | D:2      | Found a radiant altar of Vehumet.
  1405 | D:2      | Found a radiant altar of Vehumet.
  1405 | D:2      | Found a blossoming altar of Fedhas.
  1405 | D:2      | Found an opulent altar of Gozag.
  1408 | D:2      | Reached XP level 4. HP: 34/40 MP: 4/4
  1411 | D:2      | Reached skill level 5 in Axes
  1411 | D:2      | Reached XP level 5. HP: 29/47 MP: 5/5
  1508 | D:2      | Became a worshipper of Hepliaklqana the Forgotten
  1795 | D:2      | Found a faded altar of an unknown god.
  1979 | D:3      | Found an ornate altar of the Wu Jian Council.
  2239 | D:3      | Reached * piety under Hepliaklqana
  2661 | D:4      | Identified the +8 trident of Action {antimagic, Fly rPois
                  | rCorr Int+2}
  2721 | D:4      | Found Bira's Jewellery Shoppe.
  2782 | D:4      | Reached skill level 5 in Fighting
  2782 | D:4      | Reached skill level 6 in Axes
  2782 | D:4      | Reached XP level 6. HP: 47/50 MP: 1/6
  3085 | D:4      | Reached skill level 7 in Axes
  3085 | D:4      | Reached skill level 5 in Shields
  3085 | D:4      | Reached XP level 7. HP: 13/55 MP: 2/7
  3869 | D:5      | Entered Level 5 of the Dungeon
  3922 | D:5      | Noticed Dowan
  3928 | D:5      | Killed Dowan
  3929 | D:5      | Reached skill level 1 in Dodging
  3943 | D:5      | Noticed Duvessa
  3948 | D:5      | Reached skill level 8 in Axes
  3951 | D:5      | Mangled by Duvessa

Illustrated notes

Levels and vault maps discovered:
D:1:      erik_arrival_triangle_medium, layout_basic, serial_rivers,
          chequers_serial_rivers_small_a, chequers_serial_rivers_micro_b,
          chequers_serial_rivers_small_a, chequers_serial_rivers_micro_b,
          chequers_serial_rivers_micro_b, minmay_statues_item
D:2:      cheibrodos_fertilizer, layout_loops_ring, serial_shops, shop,
          ebering_ecumenical_altar_sacrificial
D:3:      layout_basic, lemuel_tele_altar, glass_columns_c,
          chequers_serial_rivers_micro_d
D:4:      minmay_wonky_spiral, layout_basic, serial_shops,
          nicolae_shop_gaudy_bauble
D:5:      layout_rooms, minmay_temple_entry_waves, minmay_misc_feat_columns,
          eino_small_chamber_without_monster, minmay_misc_feat_ornament,
          uniq_duvessa

Skill      XL: |  1  2  3  4  5  6  7 |
---------------+----------------------+-----
Axes           | 3 4 5 6 7 8 |  8.0
Fighting       | 4 5 6 |  6.1
Shields        | 4 5 |  5.0
Dodging        | 1 |  1.1
Armour         | |  3.2

Action                     |  1- 3 |  4- 6 |  7- 9 || total
---------------------------+-------+-------+-------++-------
  Melee: War axe           |    88 |    60 |       ||   148
         Trident           |       |    31 |    49 ||    80
 Invoke: Ancestor Identity |       |     1 |       ||     1
    Use: Scroll            |       |     4 |       ||     4
 Armour: Scale mail        |    54 |    36 |    24 ||   114
  Dodge: Dodged            |    41 |    54 |    13 ||   108
  Block: Buckler           |    19 |    13 |     9 ||    41
